 Dungeon Crawl Stone Soup version bcrawl-1.18.1 (webtiles) character file.

Game seed: 1286718795850021575

45 Revguard the Ducker (level 3, 0/27 HPs)
             Began as a Demonspawn Archaeologist on Nov 7, 2019.
             Slain by a worker ant (6 damage)
             ... on level 2 of the Dungeon.
             The game lasted 00:05:06 (2130 turns).

Revguard the Ducker (Demonspawn Archaeologist)      Turns: 2130, Time: 00:05:07

Health: 0/27       AC: 13    Str:  9 (11) XL:     3   Next: 42%
Magic:  3/3        EV:  9    Int: 12 (15) God:
Gold:   119        SH:  0    Dex:  9 (12) Spells: 2/2 levels left

rFire    . . .     SeeInvis .   h - +0 short sword
rCold    . . .     Gourm    .   (no shield)
rNeg     . . .     Faith    .   n - +0 scale mail
rPois    .         Spirit   .   c - +1 hat
rElec    .         Reflect  .   k - +1 cloak
rCorr    .         Harm     .   t - +0 pair of gloves
MR       .....                  d - +1 pair of boots
Stlth    +.........             (no amulet)
HPRegen  0.09/turn              (no ring)
MPRegen  0.08/turn              (no ring)

@: very slightly contaminated, studying Long Blades
A: rugged brown scales 1, powered by pain 1
a: no special abilities


You were on level 2 of the Dungeon.
You were not hungry.

You visited 1 branch of the dungeon, and saw 3 of its levels.

You collected 119 gold pieces.

Inventory:

Hand Weapons
 a - a +0 whip
 h - a +0 short sword (weapon)
 q - a +0 mace
Armour
 b - a +1 robe
 c - a +1 hat (worn)
 d - a +1 pair of boots (worn)
 k - a +1 cloak (worn)
 n - a +0 scale mail (worn)
 t - a +0 pair of gloves (worn)
Scrolls
 i - a scroll of immolation
 l - a scroll of remove curse
 m - a scroll of blinking
Books
 e - a manual of Long Blades
Miscellaneous
 f - an ancient crate
Comestibles
 g - 8 rations {!d}


   Skills:
 * Level 2.1 Fighting
 * Level 0.6 Long Blades
 - Level 1.2 Maces & Flails
 * Level 1.1 Armour
 + Level 3.1 Dodging
 - Level 3.0 Stealth


You had 2 spell levels left.
You didn't know any spells.
Your spell library was empty.

Dungeon Overview and Level Annotations

Branches:
Dungeon (3/12)

Altars:
Elyvilon
Makhleb
Vehumet


Innate Abilities, Weirdness & Mutations

You are partially covered in rugged brown scales. (AC +1, +3% HP)
You sometimes gain a little power by taking damage.


Message History

The quokka bites you but does no damage.
You hit the frilled lizard.
You kill the frilled lizard!
You feel sick.
You are no longer poisoned.
The worker ant bites you but does no damage.
The quokka closely misses you.
The worker ant bites you but does no damage.
You see here a frilled lizard corpse.
There is an escape hatch in the floor here.
The worker ant bites you but does no damage.
The worker ant bites you but does no damage.
The worker ant bites you but does no damage.
The worker ant bites you but does no damage.
The worker ant bites you but does no damage.
The worker ant waves its antennae.
The worker ant bites you but does no damage.
There is a stone staircase leading down here.
The worker ant bites you.
You die...

..## #.# #..##.# ##.#######.# #
...# #.####..##.### #.#######§###
.#.# #............# #.##≈≈§§≈.≈§≈
.#.# #..........#.# #.##≈####'###
.#.####......####.###.#*##≈≈≈.≈≈≈
...#.....##........##.# #⌠≈....§§
............r####..##.# ##≈§§_..≈
..≈.≈....###.####..##.###⌠§.....§
...⌠..#..###.#ra@......###§≈≈≈≈≈≈
.#...##..##....##..##..# ###⌠#⌠##
.#......(..........##..# #####
.#####.#.##....###>##[.# #.# .#
#......#..........# #.# .#
###.##....###.###.# #.#
.#######.###.#.# #.# #.#####.#
.........# #.#.###.###.#.....#
.#######.###.#...r.....#.########


You could see a worker ant and a quokka.

Vanquished Creatures
  A worm (D:2)
  A dart slug (D:2)
  2 leopard geckos
  2 ball pythons
  2 giant cockroaches
  4 goblins
  4 hobgoblins
  3 jackals (D:2)
  4 bats
  3 frilled lizards
  6 kobolds
  4 rats
36 creatures vanquished.

Vanquished Creatures (others)
  A hobgoblin (D:2)
1 creature vanquished.

Grand Total: 37 creatures vanquished

Notes
Turn   | Place    | Note
-------+----------+-------------------------------------------
     0 | D:1      | Revguard the Demonspawn Archaeologist began the quest for
                  | the Orb.
     0 | D:1      | Reached XP level 1. HP: 15/15 MP: 1/1
   563 | D:1      | Reached skill level 1 in Maces & Flails
   563 | D:1      | Gained mutation: You are partially covered in rugged brown
                  | scales. (AC +1, +3% HP) [demonic ancestry]
   563 | D:1      | Reached XP level 2. HP: 15/22 MP: 2/2
  1133 | D:2      | Found a white marble altar of Elyvilon.
  1289 | D:2      | Found a radiant altar of Vehumet.
  1348 | D:2      | Gained mutation: You sometimes gain a little power by
                  | taking damage. [demonic ancestry]
  1348 | D:2      | Reached XP level 3. HP: 27/27 MP: 3/3
  1615 | D:2      | Found a burning altar of Makhleb.
  1715 | D:3      | Noticed a centaur
  1816 | D:3      | Reached skill level 1 in Armour
  2130 | D:2      | Slain by a worker ant

Skill      XL: |  1  2  3 |
---------------+----------+-----
Maces & Flails | 1 |  1.2
Fighting       | 2 |  2.1
Dodging        | 3 |  3.1
Armour         | 1 |  1.1
Long Blades    | |  0.6
Stealth        | |  3.0

Action                   || total
-------------------------++-------
Melee: Whip              ||    81
       Mace              ||    44
       Short sword       ||    89
  Use: Scroll            ||     7
       Potion            ||     4
 Stab: Sleeping          ||     1
  Eat: Chunk             ||     4
Armor: Robe              ||    13
       Scale mail        ||   147
Dodge: Dodged            ||   139
